 Dungeon Crawl Stone Soup version 0.31-a0-1178-gc5c9b8f871 (webtiles) character file.

Game seed: 14929994697456167327

4760 LeprechaunX the Mimic (level 10, -1/62 HPs)
             Began as an Octopode Shapeshifter on Dec 11, 2023.
             Was a Believer of Hepliaklqana.
             Succumbed to a killer bee's poison
             ... on level 7 of the Dungeon.
             The game lasted 00:13:50 (7627 turns).

LeprechaunX the Mimic (Octopode Shapeshifter)       Turns: 7627, Time: 00:13:51

Health: -1/62      AC:  1    Str: 14 (15) XL:     10   Next: 46%
Magic:  4/14       EV: 13    Int: 17 (19) God:    Hepliaklqana [**....]
Gold:   429        SH:  0    Dex: 11 (14) Spells: 14/14 levels left

rFire   . .          .
                       - Unarmed
rCold   . . .        (no shield)
rNeg    . . .        (helmet currently unavailable)
rPois   .            o - amulet of guardian spirit
rElec   .            p - +6 ring of intelligence
rCorr   .            z - ring of flight
SInv    .            (no ring)
Will    .....        (no ring)
Stlth   ++           (no ring)
HPRegen 0.30/turn    (no ring)
MPRegen 0.14/turn    (no ring)
                     (no ring)

%: guardian spirit
@: lethally poisoned (-1 -> -12), beast-form, flying, hasted, very quick
A: beast (slay +4), reduced essence, almost no armour, amphibious, 8 rings,
camouflage 1, gelatinous body 1, (nimble swimmer 1), tentacles
a: Begin Untransformation, Renounce Religion, Recall Ancestor, Ancestor Identity


You were on level 7 of the Dungeon.
You worshipped Hepliaklqana.
Hepliaklqana was pleased with you.
You were a hulking beast.
You visited 1 branch of the dungeon, and saw 8 of its levels.

You collected 429 gold pieces.

Inventory:

Hand Weapons
 a - a +3 orcbow
 t - a +0 sling
Missiles
 h - 17 poisoned darts
 v - 2 javelins
 y - 5 silver javelins (quivered)
Jewellery
 o - an amulet of guardian spirit (around mantle)
 p - a +6 ring of intelligence (left tentacle)
 z - a ring of flight (right tentacle)
Talismans
 b - a beast talisman
 c - a flux talisman
 m - a blade talisman
 u - a maw talisman
Wands
 k - a wand of digging (1)
 A - a wand of mindburst (21)
 B - a wand of flame (18)
Scrolls
 d - 4 scrolls of fear {unknown}
 f - a scroll of immolation {unknown}
 g - 3 scrolls of identify {unknown}
 j - 2 scrolls of vulnerability {unknown}
 n - a scroll of fog {unknown}
 q - a scroll of teleportation {unknown}
 s - 2 scrolls of enchant weapon {unknown}
 x - a scroll of noise {unknown}
 C - a scroll of poison {unknown}
Potions
 e - a potion of haste
 i - 3 potions of lignification
 l - a potion of heal wounds {unknown}
 w - a potion of curing {unknown}


   Skills:
 + Level 6.4 Fighting
 - Level 3.0 Throwing
 - Level 2.0 Dodging
 - Level 6.0 Unarmed Combat
 + Level 2.7 Spellcasting
 - Level 5.0 Invocations
 + Level 6.1 Evocations
 * Level 8.9 Shapeshifting


You had 14 spell levels left.
You didn't know any spells.
Your spell library contained the following spells:

 Spells                   Type           Power      Damage    Failure   Level
 Necrotise                Necr           8%         1d4       19%         1
 Ensorcelled Hibernation  Hex/Ice        4%         N/A       26%         2
 Passwall                 Tmut/Erth      1%         N/A       26%         2
 Swiftness                Air            2%         N/A       47%         3
 Vampiric Draining        Necr           2%         2d6       47%         3
 Volatile Blastmotes      Fire/Tloc      4%         2d10      47%         3
 Fulminant Prism          Conj/Hex       1%         3d5       87%         4
 Iskenderun's Mystic Bla  Conj/Tloc      2%         2d3       87%         4
 Agony                    Necr           2%         N/A       99%         5


Dungeon Overview and Level Annotations

Branches:
Dungeon (8/15)             Temple (0/1) D:7
   Lair: D:8-11

Altars:
Ashenzari
Elyvilon
Fedhas
Gozag
Hepliaklqana
Kikubaaqudgha
Makhleb
Nemelex Xobeh
Okawaru
Trog
Vehumet
Xom
Zin
The Shining One

Shops:
D:1 (   D:4 (   D:8 ([

Annotations:
D:7 1 runed translucent door, Crazy Yiuf


Innate Abilities, Weirdness & Mutations

You are a hulking beast.
Your limbs bulge with bestial killing power. (Slay +4)
Your life essence is reduced to manifest your ancestor. (-10% HP)
You cannot wear most types of armour.
You are amphibious.
You can wear up to eight rings at the same time.
Your skin changes colour to match your surroundings (Stealth+).
Your rubbery body absorbs attacks. (AC +1, EV +1)
((You are camouflaged when in or above water. (Stealth+)))
You have tentacles for arms and can constrict up to eight enemies at once.


Message History

The killer bee poisons you!
You fly upwards.
Level annotation: 1 runed translucent door, Crazy Yiuf You feel very sick.
There is a stone staircase leading down here.
You tentacle-slap the killer bee. Your grab misses the killer bee.
The killer bee is heavily wounded.
You feel sick. The killer bee stings you.
You are more poisoned.
The killer bee poisons you! The killer bee stings you!
You tentacle-slap the killer bee. Your grab misses the killer bee.
The killer bee is severely wounded.
You feel very sick. The killer bee stings you!
* * * LOW HITPOINT WARNING * * *
You are more poisoned.
The killer bee poisons you! The killer bee stings you.
* * * LOW HITPOINT WARNING * * *
You miss the killer bee. You grab the killer bee.
The killer bee is severely wounded.
You constrict the killer bee.
* * * LOW HITPOINT WARNING * * *
You feel very sick. The killer bee misses you. The killer bee stings you.
Unknown command.
You tentacle-slap the killer bee.
The killer bee is almost dead.
You constrict the killer bee.
You kill the killer bee!
* * * LOW HITPOINT WARNING * * *
You feel very sick.
Unknown command.
There is a lethal amount of poison in your body!
It was a potion of haste.
You feel yourself speed up.
* * * LOW HITPOINT WARNING * * *
You feel very sick.
It was a potion of degeneration.
There was something very wrong with that liquid.
You feel weakened.
You feel dopey.
You feel clumsy.
You die...

#....###............#####
##...................##.####
#......##.............)...#
#.##.##...................#
##.#...#..................##
#............<.............#### #
#..###...###......#............
###### #.⌠.# #......#............
<.######...###..h#...............
..##............###..............
......⌠..>..⌠....##......##......
................####.....#.......
.....###..[###...#.#.....#......#
.....# #.⌠.# #.......#.....###..#
.....###...###.............##..##
.........##..#..........#........
.....##...#.##..........#........


There were no monsters in sight!

Vanquished Creatures
  Pikel (D:5)
  Joseph (D:7)
  A troll (D:6)
  Sigmund (D:2)
  Menkaure (D:4)
  Edmund (D:6)
  Duvessa (D:6)
  3 black bears
  An orc warrior (D:6)
  A sky beast (D:8)
  An ice beast (D:5)
  2 ogres
  2 centaurs (D:5)
  A phantom (D:7)
  A scorpion (D:5)
  A bullfrog (D:8)
  Dowan (D:6)
  3 wights
  3 killer bees
  A howler monkey (D:4)
  2 jellies
  A hound (D:4)
  2 sleepcaps
  An iguana (D:4)
  Natasha (twice) (D:3)
  2 orc wizards
  10 gnolls
  5 adders
  2 white imps
  2 worms (D:2)
  3 dart slugs
  16 orcs
  2 bats
  9 endoplasms
  3 giant cockroaches
  4 goblins
  6 hobgoblins
  6 jackals
  7 kobolds
  4 quokkas
  5 ball pythons
  A frilled lizard (D:1)
  23 rats
146 creatures vanquished.

Vanquished Creatures (collateral kills)
  Jeremiah (D:6)
  A wyvern (D:8)
  A sky beast (D:8)
  A black bear (D:8)
  An orc warrior (D:7)
  2 bullfrogs
  A gnoll sergeant (D:8)
  6 wights
  2 killer bees (D:8)
  A crimson imp (D:5)
  2 orc wizards
  A gnoll (D:7)
  3 orcs
  A goblin (D:4)
24 creatures vanquished.

Vanquished Creatures (others)
  3 battlemagi
  2 ancestors
5 creatures vanquished.

Grand Total: 175 creatures vanquished

Notes
Turn   | Place    | Note
-------+----------+-------------------------------------------
     0 | D:1      | LeprechaunX the Octopode Shapeshifter began the quest for
                  | the Orb.
     0 | D:1      | Reached XP level 1. HP: 13/13 MP: 1/1
   105 | D:1      | Found Cufucem's Antique Weapon Boutique.
   224 | D:1      | Reached XP level 2. HP: 18/18 MP: 2/2
   577 | D:2      | Reached XP level 3. HP: 23/23 MP: 3/3
   870 | D:2      | Noticed Sigmund
   878 | D:2      | Killed Sigmund
   879 | D:2      | Reached skill level 1 in Throwing
   879 | D:2      | Reached skill level 4 in Shapeshifting
   879 | D:2      | Reached XP level 4. HP: 7/30 MP: 4/4
   879 | D:2      | Reached XP level 5. HP: 9/35 MP: 5/5
  1735 | D:3      | Found an opulent altar of Gozag.
  1800 | D:3      | Reached XP level 6. HP: 37/41 MP: 6/6
  1883 | D:3      | Found a hazy altar of Hepliaklqana.
  1959 | D:3      | Became a worshipper of Hepliaklqana the Forgotten
  2415 | D:3      | Noticed Natasha
  2425 | D:3      | Killed Natasha
  2434 | D:3      | Noticed Natasha
  2441 | D:3      | Killed Natasha
  2849 | D:3      | Reached skill level 1 in Invocations
  2849 | D:3      | Reached skill level 1 in Evocations
  2849 | D:3      | Reached skill level 5 in Shapeshifting
  2849 | D:3      | Reached XP level 7. HP: 20/46 MP: 3/7
  3335 | D:3      | Found a glowing silver altar of Zin.
  3601 | D:4      | Found Qomog's Weapon Emporium.
  3608 | D:4      | Reached * piety under Hepliaklqana
  3728 | D:4      | Noticed Menkaure
  3734 | D:4      | Killed Menkaure
  3995 | D:5      | Entered Level 5 of the Dungeon
  4180 | D:5      | Found a glowing golden altar of the Shining One.
  4267 | D:5      | Reached XP level 8. HP: 47/47 MP: 9/9
  4461 | D:5      | Found a blossoming altar of Fedhas.
  4502 | D:5      | Reached skill level 5 in Unarmed Combat
  4502 | D:5      | Reached skill level 6 in Shapeshifting
  4569 | D:5      | Found an ancient bone altar of Kikubaaqudgha.
  4573 | D:5      | Found a radiant altar of Vehumet.
  4577 | D:5      | Found an iron altar of Okawaru.
  4579 | D:5      | Found a shimmering altar of Xom.
  4590 | D:5      | Found a burning altar of Makhleb.
  4623 | D:5      | Noticed Pikel
  4662 | D:5      | Killed Pikel
  4663 | D:5      | Reached XP level 9. HP: 39/53 MP: 6/11
  4756 | D:5      | Found a sparkling altar of Nemelex Xobeh.
  4888 | D:6      | Noticed Duvessa
  4890 | D:6      | Noticed Dowan
  4894 | D:6      | Killed Duvessa
  4900 | D:6      | Killed Dowan
  5033 | D:6      | Noticed Jeremiah
  5065 | D:6      | Killed Jeremiah
  5066 | D:6      | Reached skill level 7 in Shapeshifting
  5171 | D:6      | Reached skill level 5 in Fighting
  5178 | D:6      | Noticed Edmund
  5184 | D:6      | Killed Edmund
  5952 | D:7      | Found a bloodstained altar of Trog.
  5960 | D:7      | Noticed a troll
  5961 | D:7      | Found a broken altar of Ashenzari.
  5967 | D:7      | Reached ** piety under Hepliaklqana
  5968 | D:7      | Remembered your ancestor Octavius as a battlemage
  6021 | D:7      | Reached skill level 5 in Invocations
  6047 | D:7      | Found a runed translucent door.
  6048 | D:7      | Noticed Crazy Yiuf
  6107 | D:7      | Reached skill level 5 in Evocations
  6196 | D:7      | Noticed Joseph
  6314 | D:6      | Killed a troll
  6315 | D:6      | Reached skill level 1 in Spellcasting
  6315 | D:6      | Reached skill level 8 in Shapeshifting
  6415 | D:7      | Reached XP level 10. HP: 52/61 MP: 13/13
  6593 | D:7      | Found a staircase to the Ecumenical Temple.
  6746 | D:7      | Killed Joseph
  7242 | D:8      | Found a white marble altar of Elyvilon.
  7495 | D:8      | Found Zuevotal's Weapon Shoppe.
  7510 | D:8      | Found Binoucke's Armour Boutique.
  7626 | D:7      | HP: 1/62 [poisoned by a killer bee]
  7627 | D:7      | Succumbed to a killer bee's poison

Illustrated notes

Levels and vault maps discovered:
D:1:      minmay_arrival_open_corners, layout_loops_cross, serial_shops,
          nicolae_shop_temple_entry_statues_fountains
D:2:      layout_basic, uniq_sigmund
D:3:      layout_basic, pdpol_temple_overflow_zin_treasury_gozag_greed,
          old_standard_altar, minivault_4, minmay_rat_hole, uniq_natasha
D:4:      layout_rooms, serial_shops, shop, uniq_menkaure
D:5:      layout_cave_pools, fedhas_bush_and_centaur_altar,
          nicolae_overflow_hidden_temple,
          grunt_temple_overflow_champion_of_chaos, uniq_pikel
D:6:      layout_cave_pods, uniq_jeremiah, uniq_edmund, uniq_duvessa
D:7:      layout_cave_pools, lightli_temple_of_fire,
          cheibrodos_ashenzari_chains, minmay_temple_entry_junction,
          uniq_joseph, uniq_crazy_yiuf_cottage
D:8:      layout_rooms, mainiacjoe_overflow_paths, serial_shops, shop, shop,
          shop, kennysheep_little_box, ldierk_geyser, minivault_19,
          minmay_circle_x

Skill      XL: |  1  2  3  4  5  6  7  8  9 10 |
---------------+-------------------------------+-----
Fighting       | 2 3 4 5 6 |  6.4
Throwing       | 1 2 3 |  3.0
Shapeshifting  | 4 5 6 8 |  8.9
Unarmed Combat | 4 5 6 |  6.0
Invocations    | 1 2 3 5 |  5.0
Evocations     | 1 2 3 5 6 |  6.1
Spellcasting   | 1 2 |  2.7
Dodging        | |  2.0

Action                     |  1- 3 |  4- 6 |  7- 9 | 10-12 || total
---------------------------+-------+-------+-------+-------++-------
  Melee: Unarmed           |    34 |    96 |    84 |    16 ||   230
         Tentacles         |     9 |    21 |    22 |     2 ||    54
         Constrict         |     9 |    25 |    14 |     3 ||    51
         Punch             |     3 |     1 |     3 |     3 ||    10
   Fire: Orcbow            |       |       |   114 |    65 ||   179
  Throw: Dart              |       |     4 |     1 |     2 ||     7
         Javelin           |       |       |       |     1 ||     1
 Invoke: Ancestor Life: Ba |       |       |     1 |       ||     1
    Use: Potion            |       |       |       |     2 ||     2
   Stab: Sleeping          |     9 |     3 |     3 |       ||    15
 Armour: Skin              |    12 |    55 |    61 |    26 ||   154
  Dodge: Dodged            |    11 |    58 |    70 |    16 ||   155

Table legend: (Time is in decaauts)
 A = Elapsed time spent in this place.
 B = Non-inter-level travel time spent in this place.
 C = Inter-level travel time spent in this place.
 D = Time resting spent in this place.
 E = Time spent auto-exploring this place.
 F = Levels seen in this place.
 G = Mean time per level.
                   A        B        C        D        E       F      G
               +--------+--------+--------+--------+--------+-----+--------+
         Total |   7685 |   7167 |    518 |    944 |   5065 |   8 |  960.6 |
       Dungeon |   7685 |   7167 |    518 |    944 |   5065 |   8 |  960.6 |
               +--------+--------+--------+--------+--------+-----+--------+

Top non-repeatable levels by time:
     D:3: 1521 daAuts
     D:6: 1335 daAuts
     D:2: 1297 daAuts
     D:5: 912 daAuts
     D:7: 838 daAuts
     D:8: 618 daAuts
     D:4: 593 daAuts
     D:1: 569 daAuts
